 Dungeon Crawl Stone Soup version 0.20-a0-830-g2c9a30d (webtiles) character file.

26051 M4edhros the Cleaver (level 12, -2/112 HPs)
             Began as a Minotaur Berserker on Mar 7, 2017.
             Was a High Priest of Trog.
             Slain by Rupert
             ... wielding a +5 great mace
              (28 damage)
             ... on level 6 of the Lair of Beasts.
             The game lasted 00:19:18 (5007 turns).

M4edhros the Cleaver (Minotaur Berserker)           Turns: 5007, Time: 00:19:18

Health: -2/112     AC: 11    Str: 22    XL:     12   Next: 94%
Magic:  0/25       EV: 17    Int:  6    God:    Trog [*****.]
Gold:   664        SH: 12    Dex: 12    Spells: 12/12 levels left

rFire    . . .     SeeInvis +   K - +9 flail of Viasche {vamp, rN+ Int+2 Dex-3}
rCold    . . .     Gourm    .   L - +2 troll leather armour
rNeg     + . .     Faith    .   i - +0 shield
rPois    .         Spirit   +   (helmet restricted)
rElec    .         Reflect  .   (no cloak)
rCorr    .         Harm     .   e - +0 pair of gloves
MR       .....                  (no boots)
Stlth    +.........             k - amulet of guardian spirit
Regen    0.7/turn               d - ring of magical power
MPRegen  0.2/turn               B - +1 ring of evasion

@: exhausted, slowed, very slow
A: retaliatory headbutt, horns 2, talons 1, thin metallic scales 1, see
invisible, sturdy frame 1
a: Berserk, Trog's Hand, Brothers in Arms, Burn Spellbooks, Renounce Religion


You were on level 6 of the Lair of Beasts.
You worshipped Trog.
Trog was extremely pleased with you.
You were hungry.

You visited 2 branches of the dungeon, and saw 17 of its levels.

You collected 664 gold pieces.

Inventory:

Hand Weapons
 a - a +0 hand axe
 y - a +3 hand axe of electrocution
 G - a +0 war axe of chopping
 K - the +9 flail of Viasche (weapon) {vamp, rN+ Int+2 Dex-3}
   (You took it off a kobold on level 10 of the Dungeon)

   It inflicts no extra harm, but heals its wielder when it wounds a living foe.
   It affects your intelligence (+2).
   It affects your dexterity (-3).
   It protects you from negative energy.
 S - a +2 antimagic broad axe
 T - the +5 short sword of the Hall of Blades {antimagic, rElec rN+ Dex+4, unknown}
   (You found it on level 5 of the Lair of Beasts)

   It reduces the magical energy of the wielder, and disrupts the spells and
   magical abilities of those hit.
   Natural abilities and divine invocations are not affected.
   It affects your dexterity (+4).
   It insulates you from electricity.
   It protects you from negative energy.
Armour
 b - a +0 animal skin
 e - a +0 pair of gloves (worn)
 i - a +0 shield (worn)
 v - a +0 ring mail
 z - a +0 chain mail
 L - a +2 troll leather armour (worn)
Jewellery
 d - a ring of magical power (right hand)
 k - an amulet of guardian spirit (around neck)
 B - a +1 ring of evasion (left hand)
 U - an uncursed ring of protection from cold
 V - a cursed ring of loudness {unknown}
Wands
 r - a wand of enslavement (2/24)
 A - a wand of disintegration (11/24)
 D - a wand of confusion (40/48)
 E - a wand of flame (34/48)
 I - a wand of random effects (29/48)
 P - a wand of clouds (4/9)
 Y - a wand of paralysis (3/24)
Scrolls
 h - a scroll of immolation
 j - 2 scrolls of remove curse
 l - 7 scrolls of teleportation
 n - 3 scrolls of vulnerability
 p - a scroll of recharging
 x - 2 scrolls of fog
 H - a scroll of fear
 Q - a scroll of silence
 R - a scroll of enchant weapon
Potions
 f - 2 potions of flight
 g - a potion of berserk rage
 o - a potion of degeneration
 s - 2 potions of haste
 t - 2 potions of lignification
 u - a potion of ambrosia
 C - 4 potions of curing
 F - 2 potions of might
 J - a potion of mutation
 N - a potion of cancellation
 X - a potion of agility {unknown}
Miscellaneous
 M - a sack of spiders
 O - a phial of floods
Comestibles
 c - 4 bread rations
 m - 3 fruits
 q - 6 meat rations
 w - 2 chunks of flesh
 W - a royal jelly


   Skills:
 + Level 11.8 Fighting
 - Level 12.4 Axes
 - Level 10.0 Armour
 + Level 10.3 Dodging
 + Level 10.7 Shields
 - Level 0.8 Spellcasting
 * Level 7.3 Evocations


You had 12 spell levels left.
You didn't know any spells.

Dungeon Overview and Level Annotations

Branches:
Dungeon (11/15)              Lair (6/6) D:9           Snake (0/4) Lair:3
  Slime (0/5) Lair:5
 Temple: D:4-7        Swamp: Lair:2-4    Shoals: Lair:2-4       Orc: D:9-12

Altars:
Xom
Yredelemnul

Shops:
D:11 %

Annotations:
Lair:5 exclusion: 2 oklob plants
Lair:6 Rupert


Innate Abilities, Weirdness & Mutations

You reflexively headbutt those who attack you in melee.
You have a pair of horns on your head.
You have sharp toenails.
You are partially covered in thin metallic scales. (AC +2)
You have supernaturally acute eyesight. (SInv)
Your movements are slightly less encumbered by armour. (ER -2)


Message History

Rupert hits you with an enchanted great mace!!
* * * LOW HITPOINT WARNING * * *
The elephant barely misses you. x2; You block Rupert's attack.
The elephant barely misses you. You furiously retaliate!
You headbutt the elephant!
The elephant trunk-slaps you but does no damage.
Okay, then.
Okay, then.
Evoke which item? (* to show all) (? for menu, Esc to quit)
Aiming: Cloud Cone (will waste charges)
Press: ? - help, Dir - move target cursor You create a blast of poison gas!
Evoking this partially-identified wand wasted a few charges.
Rupert is engulfed in poison gas.
Rupert is poisoned.
You block Rupert's attack.
The elephant is engulfed in poison gas.
The elephant is poisoned.
The elephant barely misses you.
The elephant trunk-slaps you but does no damage.
Rupert looks even sicker.
Rupert hits you with an enchanted great mace!!
You die...

.## P.#.......#
#.#...P..P# ..
#.#.@..... ##...
#.#.P..P# ....###
#.#..#.# #....#.#
##P#Y..# #....##..
##8@#..####....###..
#8.@Y...##......##.#
#.⌠§§........## #..
#8§§§§........# #..
##8§#§§###...## #..
##P#§§§#P...# #..
#.#..###...#####..
#.#.###.#...##P.##
#.#♣# ##....#...#


You could see Rupert (berserk) and an elephant.

Vanquished Creatures
  3 hydras
  2 two-headed ogres (D:8)
  A death yak (Lair:4)
  Nergalle (Lair:1)
  The ghost of M4edhros the Cleaver, a novice MiBe of Trog (D:10)
  3 elephants (Lair:6)
  5 black mambas
  6 spiny frogs
  A torpor snail (Lair:4)
  6 komodo dragons
  A rime drake (Lair:6)
  A centaur skeleton (D:11)
  2 trolls (D:11)
  2 polar bears
  2 hornets
  14 hippogriffs
  6 blink frogs
  A wyvern (Lair:6)
  17 yaks
  2 basilisks
  A hungry ghost (D:4)
  A steam dragon (D:11)
  13 water moccasins
  2 porcupines (Lair:1)
  2 hell hounds (D:9)
  3 orc warriors
  3 ice beasts
  2 sky beasts (D:8)
  A black bear (D:7)
  5 ogres
  2 phantoms
  7 centaurs
  4 wolves (Lair:1)
  7 crocodiles
  The ghost of sour the Sneak, an amateur OpAs (D:3)
  A big kobold (D:10)
  2 bullfrogs
  4 scorpions
  2 water moccasin skeletons
  A killer bee (D:8)
  2 howler monkeys
  A lava snake (Lair:1)
  2 crimson imps
  A centaur zombie (D:9)
  A quasit (D:10)
  A bullfrog zombie (D:8)
  4 hounds
  6 jellies
  An orc priest (D:10)
  A gnoll shaman (D:10)
  An iguana (D:5)
  7 orc wizards
  4 worker ants
  2 hound skeletons (D:8)
  9 gnolls
  11 adders
  3 shadow imps
  2 adder skeletons
  2 worms (D:3)
  3 dart slugs
  8 leopard geckos
  32 orcs
  4 bats
  A giant cockroach (D:1)
  6 goblins
  4 hobgoblins
  2 jackals (D:1)
  10 kobolds
  3 quokkas
  A ball python (D:3)
  3 frilled lizards
  A jackal skeleton (D:8)
  A leopard gecko skeleton (D:5)
  A quokka zombie (D:8)
  3 rats
  3 fungi
  A plant (Lair:3)
289 creatures vanquished.

Vanquished Creatures (others)
  An ogre (D:5)
  A worker ant (D:5)
  A frilled lizard (D:5)
  4 fungi (Lair:6)
7 creatures vanquished.

Grand Total: 296 creatures vanquished

Notes
Turn   | Place    | Note
-------+----------+-------------------------------------------
     0 | D:1      | M4edhros the Minotaur Berserker began the quest for the Orb.
     0 | D:1      | Reached XP level 1. HP: 19/19 MP: 0/0
    90 | D:1      | Reached XP level 2. HP: 27/27 MP: 1/1
   137 | D:1      | Reached skill level 4 in Axes
   352 | D:2      | Reached XP level 3. HP: 17/33 MP: 2/2
   358 | D:2      | Reached ** piety under Trog
   475 | D:3      | Reached skill level 1 in Shields
   475 | D:3      | Reached XP level 4. HP: 26/40 MP: 3/3
   585 | D:3      | Noticed sour's ghost (amateur OpAs)
   592 | D:3      | Killed sour's ghost
   592 | D:3      | Reached XP level 5. HP: 40/46 MP: 3/5
   718 | D:3      | Reached skill level 5 in Axes
   771 | D:4      | Noticed an ogre
   781 | D:4      | Killed an ogre
   781 | D:4      | Reached XP level 6. HP: 12/53 MP: 1/6
   935 | D:4      | Noticed a hungry ghost
   952 | D:4      | Killed a hungry ghost
   952 | D:4      | Reached skill level 5 in Fighting
  1017 | D:4      | Reached XP level 7. HP: 45/61 MP: 5/7
  1144 | D:4      | Reached skill level 6 in Axes
  1215 | D:5      | Entered Level 5 of the Dungeon
  1267 | D:5      | Reached skill level 7 in Axes
  1307 | D:5      | Reached XP level 8. HP: 37/70 MP: 6/8
  1308 | D:5      | Reached skill level 5 in Armour
  1355 | D:5      | HP: 5/105 [leopard gecko (1)]
  1360 | D:5      | HP: 4/105 [poisoned by an adder]
  1374 | D:5      | Found a shimmering altar of Xom.
  1456 | D:6      | Reached skill level 5 in Dodging
  1693 | D:8      | Reached skill level 8 in Axes
  1716 | D:8      | Reached *** piety under Trog
  1716 | D:8      | Reached skill level 5 in Shields
  1762 | D:8      | Noticed a hippogriff
  1770 | D:8      | Killed a hippogriff
  1805 | D:8      | Noticed a hippogriff
  1817 | D:8      | Reached XP level 9. HP: 78/78 MP: 7/9
  1819 | D:8      | Reached skill level 9 in Axes
  1820 | D:8      | Noticed a two-headed ogre
  1828 | D:8      | Killed a two-headed ogre
  1859 | D:8      | Reached skill level 10 in Axes
  1973 | D:8      | Reached **** piety under Trog
  2049 | D:8      | Reached XP level 10. HP: 56/88 MP: 10/10
  2096 | D:8      | Noticed a two-headed ogre
  2101 | D:8      | Killed a two-headed ogre
  2133 | D:8      | Got an ivory rapier
  2134 | D:8      | Identified the cursed +1 rapier "Daijeb" {pierce, Str+4 Int+3 SInv} (You found it on level 8 of the Dungeon)
  2273 | D:10     | Entered Level 10 of the Dungeon
  2434 | D:11     | Reached skill level 11 in Axes
  2510 | D:11     | Gained mutation: You expend magic power (3 MP) to strengthen your wands. [potion of mutation]
  2510 | D:11     | Gained mutation: You have supernaturally acute eyesight. (SInv) [potion of mutation]
  2669 | D:11     | Reached ***** piety under Trog
  2669 | D:11     | Reached skill level 12 in Axes
  2672 | D:11     | Reached XP level 11. HP: 97/97 MP: 9/11
  2679 | D:11     | Found Ohuon's Food Shoppe.
  2685 | D:11     | Noticed a four-headed hydra
  2823 | D:10     | Lost mutation: You expend magic power (3 MP) to strengthen your wands. [potion of mutation]
  2823 | D:10     | Gained mutation: Your movements are slightly less encumbered by armour. (ER -2) [potion of mutation]
  2823 | D:10     | Gained mutation: You have sharp toenails. [potion of mutation]
  2823 | D:10     | Gained mutation: You are partially covered in thin metallic scales. (AC +2) [potion of mutation]
  2871 | D:10     | Noticed M4edhros's ghost (novice MiBe)
  2878 | D:10     | Killed M4edhros's ghost
  2955 | D:10     | Received a gift from Trog
  3064 | D:10     | Got a smoking flail {vamp}
  3091 | D:10     | Identified the +9 flail of Viasche {vamp, rN+ Int+2 Dex-3} (You took it off a kobold on level 10 of the Dungeon)
  3162 | D:9      | Found a basalt altar of Yredelemnul.
  3240 | D:9      | Found a staircase to the Lair.
  3270 | Lair:1   | Entered Level 1 of the Lair of Beasts
  3272 | Lair:1   | Noticed Nergalle
  3289 | Lair:1   | Killed Nergalle
  3420 | Lair:1   | Reached skill level 1 in Evocations
  3472 | Lair:1   | Reached skill level 10 in Fighting
  3490 | Lair:1   | Noticed a seven-headed hydra
  3504 | Lair:1   | Killed a seven-headed hydra
  3749 | Lair:3   | Found a staircase to the Snake Pit.
  3771 | Lair:3   | Reached XP level 12. HP: 107/107 MP: 13/13
  3777 | Lair:3   | Reached skill level 10 in Armour
  4087 | Lair:4   | Received a gift from Trog
  4089 | Lair:4   | Noticed a death yak
  4098 | Lair:4   | Killed a death yak
  4175 | Lair:4   | Reached skill level 5 in Evocations
  4234 | Lair:5   | Found a staircase to the Slime Pits.
  4413 | Lair:5   | Got an ichor-stained short sword
  4452 | Lair:6   | Entered Level 6 of the Lair of Beasts
  4466 | Lair:6   | Noticed an eight-headed hydra
  4474 | Lair:6   | Killed an eight-headed hydra
  4474 | Lair:6   | Reached skill level 10 in Shields
  4678 | Lair:6   | Reached skill level 10 in Dodging
  4818 | Lair:6   | Noticed a seven-headed hydra
  4827 | Lair:6   | Killed a seven-headed hydra
  4982 | Lair:6   | Noticed Rupert
  5007 | Lair:6   | Slain by Rupert

Vault maps used:
D:1:      saegor_arrival_simple_d, minmay_misc_feat_enclosed,
          minmay_misc_feat_square, serial_bayou_crossing
D:2:      tgw_trog
D:3:      first_bread, saegor_snake_ambush
D:4:      nicolae_underground_beach
D:5:      xom_confusion_cloud
D:6:      uniq_crazy_yiuf_cottage
D:7:      temple_doors_ab, grunt_ogre_cave
D:8:      minmay_imperfect_grid
D:9:      kennysheep_mini_moat, minmay_lair_entry_lava, nicolae_two_hexagons,
          yredelemnul_altar_generic
D:11:     serial_shops, nicolae_shop_statue_plus, kennysheep_generic_room_9
Lair:1:   guppyfry_lair_drakes, infiniplex_staircase_pool, uniq_nergalle
Lair:2:   grunt_forest_large_clearing_hut
Lair:3:   minmay_snake_entry_six_corridors
Lair:4:   nicolae_swamp_entry_splash_gauntlet, grunt_forest_stairs_basic,
          serial_bayou_shore_b
Lair:5:   beast_lair_carwin_large_1, minmay_slime_entry_oklob_open
Lair:6:   due_jungle_book, infiniplex_staircase_pool_2, uniq_rupert

Skill      XL: |  1  2  3  4  5  6  7  8  9 10 11 12 |
---------------+-------------------------------------+-----
Axes           | 4 5 7 8 10 12 | 12.4
Fighting       | 4 5 6 7 9 10 11 | 11.8
Armour         | 3 4 6 7 8 9 10 | 10.0
Dodging        | 3 4 5 7 8 9 10 | 10.3
Shields        | 1 2 3 4 5 6 7 9 10 | 10.7
Evocations     | 3 7 |  7.3
Spellcasting   | |  0.8

Action                   |  1- 3 |  4- 6 |  7- 9 | 10-12 || total
-------------------------+-------+-------+-------+-------++-------
Melee: Hand axe          |    55 |    68 |   214 |   135 ||   472
       Headbutt          |     9 |    15 |    36 |   113 ||   173
       Flail             |       |       |       |   383 ||   383
       Kick              |       |       |       |   147 ||   147
       War axe           |       |       |       |    24 ||    24
Invok: Berserk           |     1 |     3 |     6 |    10 ||    20
       Trog's Hand       |     1 |       |     1 |       ||     2
       Burn Spellbooks   |       |       |     1 |     3 ||     4
Evoke: Wand              |       |       |       |     9 ||     9
  Use: Potion            |       |       |     4 |     5 ||     9
       Scroll            |       |       |     1 |    27 ||    28
 Stab: Sleeping          |       |     1 |       |       ||     1
       Distracted        |       |       |     1 |     1 ||     2
       Confused          |       |       |       |     1 ||     1
  Eat: Chunk             |       |     6 |     5 |    11 ||    22
       Bread ration      |       |       |     1 |     3 ||     4
       Royal jelly       |       |       |     1 |     1 ||     2
Armor: Animal skin       |     9 |     5 |       |       ||    14
       Ring mail         |       |     1 |     4 |       ||     5
       Chain mail        |       |       |    61 |    14 ||    75
       Troll leather arm |       |       |       |    91 ||    91
Dodge: Dodged            |    34 |    24 |    57 |   352 ||   467
Block: Shield            |     8 |    23 |    87 |   361 ||   479
